 Dungeon Crawl Stone Soup version 0.27.1-1-g398f81649c (webtiles) character file.

Game seed: 9437308716656487938

3077 Autumnman the Cleaver (level 9, -1/79 HPs)
             Began as a Hill Orc Fighter on Sept 9, 2021.
             Slain by Harold (6 damage)
             ... on level 7 of the Dungeon.
             The game lasted 00:25:44 (6729 turns).

Autumnman the Cleaver (Hill Orc Fighter)            Turns: 6729, Time: 00:25:44

Health: -1/79      AC: 14    Str: 21    XL:     9   Next: 89%
Magic:  9/9        EV:  5    Int:  8    God:
Gold:   384        SH: 16    Dex: 11    Spells: 8/8 levels left

rFire    . . .     SeeInvis .   s - +2 hand axe (vorpal)
rCold    . . .     Faith    .   c - +0 kite shield
rNeg     . . .     Spirit   .   F - +0 plate armour
rPois    .         Reflect  +   (no helmet)
rElec    .         Harm     .   x - +0 cloak
rCorr    .         Rampage  .   (no gloves)
Will     .....                  (no boots)
Stlth    ..........             i - amulet of reflection
HPRegen  0.23/turn              H - ring of flight
MPRegen  0.11/turn              f - +4 ring of slaying

@: lethally poisoned (-1 -> -8), flying
A: no striking features
a: no special abilities


You were on level 7 of the Dungeon.
You visited 1 branch of the dungeon, and saw 7 of its levels.

You collected 384 gold pieces.

Inventory:

Hand Weapons
 a - a +0 war axe
 s - a +2 vorpal hand axe (weapon)
 v - a +0 giant spiked club
 w - a +4 quarterstaff of chaos
 B - a +0 halberd
 C - a +0 flail
Armour
 b - a +0 scale mail
 c - a +0 kite shield (worn)
 t - a +0 scale mail
 x - a +0 cloak (worn)
 F - a +0 plate armour (worn)
Jewellery
 e - a ring of protection from fire
 f - a +4 ring of slaying (right hand)
 i - an amulet of reflection (around neck)
 z - a ring of see invisible
 H - a ring of flight (left hand)
 K - a +4 ring of protection
Wands
 r - a wand of paralysis (19)
 D - a wand of flame (15)
 I - a wand of iceblast (5)
 J - a wand of polymorph (6)
Scrolls
 h - 2 scrolls of noise {unknown}
 l - 7 scrolls of teleportation {unknown}
 n - a scroll of torment {unknown}
 y - 8 scrolls of identify {unknown}
 A - 2 scrolls of enchant armour {unknown}
 E - a scroll of silence {unknown}
 G - a scroll of blinking {unknown}
Potions
 d - 2 potions of might
 g - 2 potions of attraction {unknown}
 j - 3 potions of haste {unknown}
 k - a potion of lignification {unknown}
 m - a potion of mutation {unknown}
 o - a potion of degeneration {unknown}
 p - 3 potions of brilliance {unknown}
 q - 2 potions of curing {unknown}
 u - a potion of berserk rage {unknown}


   Skills:
 * Level 7.2 Fighting
 + Level 11.5 Axes
 + Level 7.2 Armour
 + Level 1.8 Dodging
 + Level 7.3 Shields


You had 8 spell levels left.
You didn't know any spells.
Your spell library was empty.

Dungeon Overview and Level Annotations

Branches:
Dungeon (7/15)
 Temple: D:4-7

Altars:
Ashenzari
Cheibriados
Fedhas
Gozag
Nemelex Xobeh
Qazlal
Ru
Sif Muna
Xom
The Shining One

Shops:
D:6 *

Portals:
Ossuary: D:7

Annotations:
D:5 exclusion: oklob plant
D:6 3 runed translucent doors, Kinoniko's ghost, novice GrBe
D:7 Harold


Message History

The net rips apart, and Harold comes free!
The gnoll sergeant hits you from afar with a +5 spear of venom.
The scorpion stings you.
You slash the scorpion!
You kill the scorpion!
You slash the gnoll!
You kill the gnoll!
You slash Harold!
You feel very sick. You block the gnoll's attack. You block Harold's attack.
The gnoll sergeant hits you from afar with a +5 spear of venom!
You hit Harold.
Harold is moderately wounded.
You feel sick. You block the gnoll's attack. Harold hits you with a +0 flail!
* * * LOW HITPOINT WARNING * * *
You block the gnoll sergeant's attack.
You slash Harold!
Harold is heavily wounded.
You feel sick. You block the gnoll's attack. x2
Harold hits you with a +0 flail.
* * * LOW HITPOINT WARNING * * *
The gnoll sergeant hits you but does no damage.
You are lethally poisoned!
* * * LOW HITPOINT WARNING * * *
You feel very sick.
You hit Harold.
Harold is heavily wounded.
* * * LOW HITPOINT WARNING * * *
You feel very sick. You block the gnoll's attack.
The gnoll hits you but does no damage. You block Harold's attack.
You closely miss Harold.
Harold is heavily wounded.
* * * LOW HITPOINT WARNING * * *
You feel sick. You block the gnoll sergeant's attack.
You block the gnoll's attack.
The gnoll hits you from afar with a +0 halberd.
* * * LOW HITPOINT WARNING * * *
Harold hits you with a +0 flail.
You die...

.# #.#..###### ### .#
#.#..#....# ... #.#
#.#..#.##.# ###.#####.#
#.#..#.##.#
......$...#####.#..#.##.#
.........................
......g...#####.#..#.##..
......g.@(# #.#..#.##..
.....gg.@.# #.#..#.....
......g...#####.#..####..
................#... ....
.........#########.####..
....#.##.. ..# #.. ....#.
### ### #.. ... .. ....
.# ####


You could see Harold, a gnoll sergeant and 4 gnolls.

Vanquished Creatures
  Pikel (D:4)
  Grinder (D:4)
  Duvessa (D:4)
  2 water moccasins
  An orc warrior (D:6)
  2 necrophages
  2 ogres
  A centaur (D:3)
  A phantom (D:5)
  A lemure (D:4)
  A kobold brigand (D:6)
  Blork the orc (D:6)
  Dowan (D:4)
  2 scorpions
  A water moccasin skeleton (D:5)
  6 killer bees (D:5)
  2 howler monkeys
  4 crimson imps (D:5)
  2 bullfrog zombies (D:6)
  A jelly (D:6)
  2 orc priests
  A gnoll shaman (D:5)
  4 hounds
  A bullfrog skeleton (D:5)
  A centaur skeleton (D:6)
  3 iguanas
  Crazy Yiuf (D:4)
  2 orc wizards
  A killer bee zombie (D:6)
  A mummy (D:7)
  4 gnolls
  6 adders
  A shadow imp (D:6)
  A white imp (D:5)
  3 dart slugs
  12 orcs
  3 bats
  11 endoplasms
  2 giant cockroaches
  4 goblins
  4 hobgoblins
  8 jackals
  A quokka (D:3)
  9 ball pythons
  4 frilled lizards
  13 kobolds
  2 kobold zombies (D:7)
  5 rats (D:1)
144 creatures vanquished.

Vanquished Creatures (others)
  A plant (D:6)
1 creature vanquished.

Grand Total: 145 creatures vanquished

Notes
Turn   | Place    | Note
-------+----------+-------------------------------------------
     0 | D:1      | Autumnman the Hill Orc Fighter began the quest for the Orb.
     0 | D:1      | Reached XP level 1. HP: 19/19 MP: 1/1
    59 | D:1      | Reached XP level 2. HP: 27/27 MP: 2/2
   166 | D:1      | Reached skill level 3 in Axes
   399 | D:1      | Reached XP level 3. HP: 33/33 MP: 3/3
  1160 | D:2      | Reached skill level 4 in Axes
  1160 | D:2      | Reached XP level 4. HP: 39/40 MP: 4/4
  1199 | D:2      | Found an opulent altar of Gozag.
  1597 | D:3      | Noticed a centaur
  1603 | D:3      | Killed a centaur
  1604 | D:3      | Reached skill level 5 in Axes
  1604 | D:3      | Reached XP level 5. HP: 20/46 MP: 5/5
  1693 | D:3      | Found a faded altar of an unknown god.
  1862 | D:3      | Found a stormy altar of Qazlal.
  1930 | D:3      | Found a shimmering blue altar of Sif Muna.
  2105 | D:4      | Noticed a lemure
  2105 | D:4      | Noticed a lemure
  2105 | D:4      | Noticed a lemure
  2109 | D:4      | Noticed Pikel
  2113 | D:4      | Killed a lemure
  2114 | D:4      | Noticed a lemure
  2117 | D:4      | Killed Pikel
  2118 | D:4      | Reached skill level 8 in Axes
  2118 | D:4      | Reached XP level 6. HP: 43/53 MP: 6/6
  2118 | D:4      | Reached XP level 7. HP: 49/60 MP: 7/7
  2179 | D:4      | Noticed Duvessa
  2188 | D:4      | Killed Duvessa
  2201 | D:4      | Noticed Dowan
  2214 | D:4      | Killed Dowan
  2215 | D:4      | Reached skill level 5 in Shields
  2475 | D:4      | Reached skill level 9 in Axes
  2475 | D:4      | Reached skill level 5 in Armour
  2475 | D:4      | Reached XP level 8. HP: 39/67 MP: 8/8
  2724 | D:4      | Found a sparkling altar of Nemelex Xobeh.
  2792 | D:4      | Noticed Grinder
  2801 | D:4      | Paralysed by Grinder for 6 turns
  2812 | D:4      | Killed Grinder
  2813 | D:4      | Reached skill level 1 in Dodging
  3175 | D:4      | Found a runed translucent door.
  3176 | D:4      | Noticed Crazy Yiuf
  3183 | D:4      | Killed Crazy Yiuf
  3300 | D:4      | Reached skill level 10 in Axes
  3301 | D:4      | Found a snail-covered altar of Cheibriados.
  3559 | D:5      | Entered Level 5 of the Dungeon
  3571 | D:5      | Reached skill level 5 in Fighting
  3938 | D:5      | Reached XP level 9. HP: 75/75 MP: 9/9
  4291 | D:5      | Found a shimmering altar of Xom.
  4500 | D:5      | Found a glowing golden altar of the Shining One.
  4880 | D:5      | Found a blossoming altar of Fedhas.
  4892 | D:5      | Noticed an oklob plant
  5322 | D:6      | Noticed Blork the orc
  5337 | D:6      | Killed Blork the orc
  5338 | D:6      | Reached skill level 11 in Axes
  5451 | D:6      | Noticed a two-headed ogre
  5453 | D:6      | Noticed Kinoniko's ghost (novice GrBe)
  5458 | D:6      | Found a runed translucent gate.
  5458 | D:6      | Found a runed translucent gate.
  5458 | D:6      | Found a runed translucent gate.
  5551 | D:6      | Found Wyhite's Assorted Antiques.
  6309 | D:6      | Found a sacrificial altar of Ru.
  6443 | D:6      | Found a broken altar of Ashenzari.
  6601 | D:7      | Found a sand-covered staircase.
  6715 | D:7      | Noticed Harold
  6729 | D:7      | Slain by Harold

Illustrated notes

Levels and vault maps discovered:
D:1:      psy_arrival_basics, layout_rooms, corexii_leaking_fountain,
          minivault_4, minmay_misc_feat_rugged, minmay_cut_off
D:2:      layout_loops_ring, basic_altar
D:3:      layout_basic, lemuel_blue_sif_altar, nicolae_qazlal_eye_of_the_storm,
          hellmonk_ecumenical_altar_blasted, minmay_misc_feat_roman
D:4:      layout_basic, nicolae_overflow_crystal_walls, amcnicky_altar_gilded,
          uniq_pikel, uniq_duvessa, uniq_grinder, uniq_crazy_yiuf_cottage
D:5:      layout_layer_cave, led_xom_imps, nicolae_tso_swordbearing_angel,
          tgw_fedhas
D:6:      layout_cave_pools, mainiacjoe_overflow_surrounded_room,
          nicolae_ru_the_path_less_chosen, serial_shops, shop,
          gammafunk_ghost_split, hangedman_decor_clover_reticule,
          serial_park_tiny_2, uniq_blork_the_orc
D:7:      kennysheep_steamy, layout_basic, temple_pool_b,
          nicolae_ossuary_entry_giza, uniq_maggie, uniq_menkaure, uniq_harold

Skill      XL: |  1  2  3  4  5  6  7  8  9 |
---------------+----------------------------+-----
Axes           | 3 4 5 8 9 10 11 | 11.5
Fighting       | 4 5 7 |  7.2
Armour         | 4 5 6 7 |  7.2
Shields        | 4 5 6 7 |  7.3
Dodging        | 1 |  1.8

Action                   |  1- 3 |  4- 6 |  7- 9 || total
-------------------------+-------+-------+-------++-------
Melee: War axe           |    66 |    40 |    45 ||   151
       Hand axe          |       |       |   222 ||   222
Armor: Scale mail        |    26 |     9 |    34 ||    69
       Plate armour      |       |       |    20 ||    20
Dodge: Dodged            |    14 |     2 |    63 ||    79
Block: Kite shield       |    58 |    31 |   203 ||   292
       Reflection        |     1 |     3 |     8 ||    12
